 Dungeon Crawl Stone Soup version 0.31-a0-702-gf82c85558f (webtiles) character file.

Game seed: 3682354265939452222

77 Essalna the Conjurer (level 4, 30/30 HPs)
             Began as a Demonspawn Conjurer on Sept 8, 2023.
             Got out of the dungeon alive.
             The game lasted 00:03:43 (1512 turns).

Essalna the Conjurer (Demonspawn Conjurer)          Turns: 1512, Time: 00:03:44

Health: 30/30      AC:  2    Str:  7    XL:     4   Next: 14%
Magic:  7/8        EV: 11    Int: 21    God:
Gold:   82         SH:  4    Dex: 12    Spells: 8/9 levels left

rFire   . . .        d - +2 whip (drain)
rCold   . . .        n - +0 buckler
rNeg    . . .        a - +0 robe
rPois   .            (helmet restricted)
rElec   .            (no cloak)
rCorr   .            (no gloves)
SInv    .            (no boots)
Will    .....        f - amulet of regeneration
Stlth   ++           (no ring)
HPRegen 1.05/turn    (no ring)
MPRegen 0.11/turn

%: no passive effects
@: no status effects
A: antennae 1, demonic guardian 1
a: no special abilities


You escaped.
You visited 1 branch of the dungeon, and saw 2 of its levels.

You collected 82 gold pieces.

Inventory:

Hand Weapons
 c - a +0 dagger
 d - a +2 whip of draining (weapon)
Armour
 a - a +0 robe (worn)
 n - a +0 buckler (worn)
Jewellery
 e - an amulet of faith
 f - an amulet of regeneration (around neck)
Scrolls
 i - a scroll of noise {unknown}
 j - a scroll of summoning {unknown}
 k - a scroll of enchant armour {unknown}
 m - a scroll of immolation {unknown}
Potions
 b - a potion of magic
 g - a potion of invisibility {unknown}
 h - a potion of ambrosia {unknown}
 l - 2 potions of curing {unknown}


   Skills:
 - Level 1.7 Dodging
 - Level 1.7 Stealth
 + Level 0.8 Shields
 + Level 3.1 Spellcasting
 + Level 4.8 Conjurations


You had 8 spell levels left.
You knew the following spells:

 Your Spells              Type           Power      Damage    Failure   Level
a - Magic Dart            Conj           92%        1d7       3%          1

Your spell library contained the following spells:

 Spells                   Type           Power      Damage    Failure   Level
 Searing Ray              Conj           46%        2d6       4%          2
 Dazzling Flash           Conj/Hex       26%        N/A       24%         3
 Fulminant Prism          Conj/Hex       6%         3d6       63%         4
 Iskenderun's Mystic Bla  Conj/Tloc      13%        2d5       63%         4


Dungeon Overview and Level Annotations

Branches:
Dungeon (2/15)

Altars:

Shops:
D:1 [


Innate Abilities, Weirdness & Mutations

You have a pair of small antennae on your head.
A weak demonic guardian rushes to your aid.


Message History

The orc priest is lightly wounded.
The orc priest shouts!
The magic dart hits the orc priest.
The orc priest is moderately wounded.
The magic dart hits the orc priest.
The orc priest is severely wounded.
The orc priest invokes the aid of Beogh against you.
Beogh smites you!
A demonic guardian appears!
You are too injured to fight recklessly!
You are too injured to fight recklessly!
You are too injured to fight recklessly!
You are too injured to fight recklessly!
You are too injured to fight recklessly!
Hit: d) +2 whip (drain)
Press: ? - help, Dir - move target, f/p - orc priest
Aim: an orc priest, wielding a +0 flail (severely wounded, ally target, about 43% to evade your +2 whip of draining)
You hit the orc priest but do no damage.
You drain the orc priest.
The orc priest is almost dead.
The orc priest completely misses you. You block the orc priest's attack.
Hit: d) +2 whip (drain)
Press: ? - help, Dir - move target, f/p - orc priest
Aim: an orc priest, wielding a +0 flail (severely wounded, heavily drained, ally target, about 43% to evade your +2 whip of draining)
You hit the orc priest.
You kill the orc priest!
Your Spellcasting skill increases to level 3!
You have reached level 4!
You feel agile.
Your demonic ancestry asserts itself...
A pair of antennae grows on your head!
HP restored.
There is a stone staircase leading up here.
You climb upwards.
Your summoned ally is left behind.
There is a stone staircase leading down here.
You open the door.
There is an open door here.
There is a fountain of clear blue water here.
You enter the shallow water.
Moving in this stuff is going to be slow.
There is a staircase leading out of the dungeon here.
You have escaped!

#≈≈≈~≈≈~≈~~≈≈≈#
#.#...
#≈≈≈~~≈~≈~~≈≈≈#
##.###
#≈≈≈≈~≈~≈~~≈≈≈#
###
#≈≈≈≈~~~≈~≈~≈≈#
#≈≈≈≈~~~~~~≈≈≈#
#≈≈≈≈~~~~~~≈≈≈#
#≈≈≈~~~~~~~~≈≈#
#≈~≈~~...~~~~≈#
#≈~~~..@..~~≈≈#
#~~~~~...~~~≈≈#
#≈≈≈≈~~~~~~≈≈≈#
#≈≈≈≈~~~≈~~≈≈≈#
#≈≈≈≈≈≈≈≈≈≈≈≈≈#
#≈≈≈≈≈≈≈≈≈≈≈≈≈#
###############


There were no monsters in sight!

Vanquished Creatures
  An orc priest (D:2)
  An adder (D:2)
  3 orcs (D:2)
  4 ball pythons
  A bat (D:1)
  2 endoplasms (D:1)
  A giant cockroach (D:1)
  5 goblins
  A hobgoblin (D:1)
  5 jackals
  A quokka (D:1)
  A frilled lizard (D:1)
  4 kobolds (D:1)
30 creatures vanquished.

Vanquished Creatures (collateral kills)
  A frilled lizard (D:2)
1 creature vanquished.

Grand Total: 31 creatures vanquished

Notes
Turn   | Place    | Note
-------+----------+-------------------------------------------
     0 | D:1      | Essalna the Demonspawn Conjurer began the quest for the
                  | Orb.
     0 | D:1      | Reached XP level 1. HP: 13/13 MP: 3/3
   316 | D:1      | Gained mutation: A weak demonic guardian rushes to your
                  | aid. [demonic ancestry]
   316 | D:1      | Reached XP level 2. HP: 19/19 MP: 0/5
   369 | D:1      | Found Guonk's Antique Armour Boutique.
  1227 | D:2      | Reached XP level 3. HP: 6/24 MP: 4/7
  1473 | D:2      | Gained mutation: You have a pair of small antennae on your
                  | head. [demonic ancestry]
  1473 | D:2      | Reached XP level 4. HP: 28/30 MP: 2/8
  1512 | D:$      | Got out of the dungeon alive.

Illustrated notes

Levels and vault maps discovered:
D:1:      zaba_arrival_water, layout_loops_ring, serial_shops,
          nicolae_shop_hallway_stairs, chequers_hall_statues_wall_a,
          roderic_malta_cross
D:2:      layout_rooms, basic_altar, uniq_crazy_yiuf_cottage

Skill      XL: |  1  2  3 |
---------------+----------+-----
Spellcasting   | 3 |  3.1
Dodging        | |  1.7
Stealth        | |  1.7
Shields        | |  0.8
Conjurations   | |  4.8

Action                     |  1- 3 |  4- 6 || total
---------------------------+-------+-------++-------
  Melee: Whip              |    10 |       ||    10
   Cast: Magic Dart        |    63 |       ||    63
 Armour: Robe              |     5 |       ||     5
  Dodge: Dodged            |    10 |       ||    10
  Block: Buckler           |     1 |       ||     1

Table legend: (Time is in decaauts)
 A = Elapsed time spent in this place.
 B = Non-inter-level travel time spent in this place.
 C = Inter-level travel time spent in this place.
 D = Time resting spent in this place.
 E = Time spent auto-exploring this place.
 F = Levels seen in this place.
 G = Mean time per level.
                   A        B        C        D        E       F      G
               +--------+--------+--------+--------+--------+-----+--------+
         Total |   1526 |   1424 |    102 |     12 |   1237 |   2 |  763.0 |
       Dungeon |   1526 |   1424 |    102 |     12 |   1237 |   2 |  763.0 |
               +--------+--------+--------+--------+--------+-----+--------+

Top non-repeatable levels by time:
     D:1: 1256 daAuts
     D:2: 270 daAuts
